 Dungeon Crawl Stone Soup version 0.31.0-11-ge490571c62 (webtiles) character file.

Game seed: 3167103532399562713

1456 Rassilon the Trooper (level 8, 0/68 HPs)
             Began as a Demonspawn Monk on Jan 28, 2024.
             Was a Believer of Wu Jian.
             Slain by an ufetubus (4 damage)
             ... on level 5 of the Dungeon.
             The game lasted 00:29:12 (3957 turns).

Rassilon the Trooper (Demonspawn Monk)              Turns: 3957, Time: 00:29:13

Health: 0/68       AC: -9    Str: 18    XL:     8   Next: 47%
Magic:  8/8        EV: 14    Int: 11    God:    Wu Jian [**....]
Gold:   266        SH:  0    Dex: 17    Spells: 7/7 levels left

rFire   . . .        a - +0 falchion
rCold   . . .        d - orb {light}
rNeg    . . .        x - +0 leather armour
rPois   .            w - melded +0 helmet
rElec   .            (cloak currently unavailable)
rCorr   .            (gloves currently unavailable)
SInv    +            (boots currently unavailable)
Will    .....        s - amulet of the acrobat
Stlth   +            j - ring of see invisible
HPRegen 0.31/turn    F - +6 ring of strength
MPRegen 0.11/turn

%: acrobat
@: confused, beast-form, ambrosia-drunk, corroded, attractive, glowing
A: beast (slay +0), hooves 1, ignite blood 2, powered by death 2
a: Begin Untransformation, Renounce Religion, Wall Jump


You were on level 5 of the Dungeon.
You worshipped Wu Jian.
Wu Jian was pleased with you.
You were a hulking beast.
You visited 1 branch of the dungeon, and saw 6 of its levels.

You collected 266 gold pieces.

Inventory:

Hand Weapons
 a - a +0 falchion (weapon)
Missiles
 B - 6 poisoned darts (quivered)
Armour
 d - an orb of light (worn)
 w - a +0 helmet (melded)
 x - a +0 leather armour (worn)
Jewellery
 j - a ring of see invisible (left hand)
 p - a +5 ring of evasion
 r - a ring of protection from cold
 s - an amulet of the acrobat (around neck)
 D - a ring of protection from fire
 F - a +6 ring of strength (right hand)
Talismans
 C - a beast talisman (active)
 H - a blade talisman
Wands
 G - a wand of flame (37)
Scrolls
 b - a scroll of torment {unknown}
 e - 2 scrolls of amnesia {unknown}
 f - a scroll of enchant weapon {unknown}
 h - a scroll of poison {unknown}
 i - a scroll of fog {unknown}
 k - 8 scrolls of teleportation {unknown}
 m - 3 scrolls of revelation {unknown}
 n - a scroll of blinking {unknown}
 q - a scroll of enchant armour {unknown}
 u - a scroll of vulnerability {unknown}
 y - a scroll of immolation {unknown}
 A - a scroll of brand weapon {unknown}
 E - 2 scrolls of identify {unknown}
Potions
 g - a potion of haste
 o - a potion of curing
 t - 2 potions of mutation {unknown}
 v - a potion of might {unknown}
 z - a potion of degeneration {unknown}


   Skills:
 * Level 7.8 Fighting
 + Level 5.3 Long Blades
 + Level 5.4 Dodging
 + Level 1.7 Evocations
 + Level 0.8 Shapeshifting


You had 7 spell levels left.
You didn't know any spells.
Your spell library contained the following spells:

 Spells                   Type           Power      Damage    Failure   Level
 Freeze                   Ice            0%         1d3       38%         1
 Slow                     Hex            0%         N/A       38%         1
 Summon Small Mammal      Summ           0%         N/A       38%         1
 Sublimation of Blood     Necr           0%         N/A       54%         2
 Call Canine Familiar     Summ           0%         N/A       77%         3
 Frozen Ramparts          Ice            0%         1d1       77%         3
 Hailstorm                Conj/Ice       0%         3d5       77%         3
 Petrify                  Alch/Erth      0%         N/A       99%         4
 Summon Blazeheart Golem  Fire/Summ      0%         N/A       99%         4
 Irradiate                Conj/Alch      0%         3d11      100%        5


Dungeon Overview and Level Annotations

Branches:
Dungeon (6/15)
 Temple: D:4-7

Altars:
Cheibriados
Dithmenos
Hepliaklqana
Makhleb
Nemelex Xobeh
Ru
Trog
Wu Jian

Shops:
D:1 (


Innate Abilities, Weirdness & Mutations

You are a hulking beast.
Your limbs bulge with bestial killing power. (Slay +0)
You have large cloven feet.
Your demonic aura often causes spilled blood to erupt in flames.
You regenerate health from kills.


Message History

You spin and attack the jelly.
You hit the jelly but do no damage.
Your hands burn!
The jelly is almost dead.
The ufetubus hits you.
* * * LOW HITPOINT WARNING * * *
The ufetubus closely misses you. The jelly misses you.
The ufetubus barely misses you. The ufetubus hits you.
* * * LOW HITPOINT WARNING * * *
The ufetubus slips past you! The ufetubus barely misses you.
The ufetubus closely misses you.
You spin and attack the ufetubus.
You closely miss the ufetubus. The ufetubus barely misses you.
The ufetubus closely misses you.
There is a stone staircase leading up here.
The ufetubus hits you.
* * * LOW HITPOINT WARNING * * *
The ufetubus misses you. The ufetubus closely misses you. x2
You climb upwards.
There is a stone staircase leading down here.
It was a potion of attraction.
You feel attractive to monsters. The ufetubus hits you.
* * * LOW HITPOINT WARNING * * *
The ufetubus completely misses you. The ufetubus hits you.
* * * LOW HITPOINT WARNING * * *
The ufetubus hits you.
* * * LOW HITPOINT WARNING * * *
The ufetubus barely misses you. x2; The ufetubus closely misses you.
The ufetubus misses you.
You are confused.
You feel invigorated. The ufetubus hits you.
* * * LOW HITPOINT WARNING * * *
The ufetubus hits you.
* * * LOW HITPOINT WARNING * * *
The ufetubus closely misses you. x2
You closely miss the ufetubus. The ufetubus hits you.
* * * LOW HITPOINT WARNING * * *
The ufetubus barely misses you. x2; The ufetubus hits you.
* * * LOW HITPOINT WARNING * * *
The ufetubus barely misses you. The ufetubus hits you.
You die...

.....# .###.#
########
#.##.####......#
##........####.#
#.##.###### #.#
.###.# #.# ## #.# #)#
## #.#### ####.######
.###.##.###....5h5..#
.......#.##.##.####.#
......###...##.####.#
####.#.#.#####...##.#
# #.##.## ###.##.# #
#.#### #.##.#######
####.### #.##.......#
##....(##
#.########.#
........## #.# #.#


You could see 2 ufetubi.

Vanquished Creatures
  Sigmund (D:5)
  A water moccasin (D:6)
  Menkaure (D:5)
  2 black bears
  A phantom (D:5)
  4 scorpions
  A howler monkey (D:6)
  A bombardier beetle (D:3)
  2 hounds (D:4)
  2 orc priests (D:5)
  2 sleepcaps (D:5)
  An iguana (D:3)
  Ijyb (D:5)
  A gnoll bouda (D:4)
  2 orc wizards (D:4)
  3 adders
  4 gnolls (D:4)
  2 shadow imps
  3 ribbon worms
  2 dart slugs
  19 orcs
  9 endoplasms
  4 giant cockroaches
  7 goblins
  4 hobgoblins
  2 jackals (D:3)
  10 kobolds
  A quokka (D:1)
  8 ball pythons
  5 bats
  8 frilled lizards
  8 rats
122 creatures vanquished.

Notes
Turn   | Place    | Note
-------+----------+-------------------------------------------
     0 | D:1      | Rassilon the Demonspawn Monk began the quest for the Orb.
     0 | D:1      | Reached XP level 1. HP: 18/18 MP: 1/1
   174 | D:1      | Gained mutation: You regenerate a little health from kills.
                  | [demonic ancestry]
   174 | D:1      | Reached XP level 2. HP: 19/24 MP: 2/2
   187 | D:1      | Found Daici's Weapon Emporium.
   467 | D:1      | You fall into a shaft and drop 1 floor!
   467 | D:2      | Found a sacrificial altar of Ru.
   594 | D:1      | Gained mutation: Your demonic aura sometimes causes spilled
                  | blood to erupt in flames. [demonic ancestry]
   594 | D:1      | Reached XP level 3. HP: 15/29 MP: 3/3
  1316 | D:3      | Reached skill level 4 in Fighting
  1402 | D:3      | Gained mutation: You regenerate health from kills. [demonic
                  | ancestry]
  1402 | D:3      | Reached XP level 4. HP: 37/37 MP: 4/4
  1639 | D:3      | Found a faded altar of an unknown god.
  1645 | D:3      | Got Plato's Folio of Spellbinding
  1718 | D:3      | Found a snail-covered altar of Cheibriados.
  1733 | D:3      | Reached XP level 5. HP: 24/43 MP: 5/5
  2041 | D:4      | Reached skill level 5 in Fighting
  2055 | D:4      | Gained mutation: Your demonic aura often causes spilled
                  | blood to erupt in flames. [demonic ancestry]
  2055 | D:4      | Reached XP level 6. HP: 45/51 MP: 6/6
  2083 | D:4      | Found a sparkling altar of Nemelex Xobeh.
  2476 | D:4      | Found a burning altar of Makhleb.
  2652 | D:4      | Found an ornate altar of the Wu Jian Council.
  2656 | D:4      | Became a worshipper of the Wu Jian Council
  2656 | D:4      | Reached * piety under Wu Jian
  2656 | D:4      | Reached ** piety under Wu Jian
  2793 | D:4      | HP: 2/52 [scorpion (4)]
  2815 | D:4      | Reached skill level 6 in Fighting
  2815 | D:4      | Gained mutation: You have large cloven feet. [demonic
                  | ancestry]
  2815 | D:4      | Reached XP level 7. HP: 24/58 MP: 7/7
  2928 | D:5      | Entered Level 5 of the Dungeon
  3334 | D:5      | Noticed Sigmund
  3340 | D:5      | Found a shadowy altar of Dithmenos.
  3340 | D:5      | Noticed Menkaure
  3346 | D:5      | Killed Sigmund
  3347 | D:5      | Reached skill level 7 in Fighting
  3347 | D:5      | Reached skill level 5 in Long Blades
  3347 | D:5      | Reached skill level 5 in Dodging
  3347 | D:5      | Reached XP level 8. HP: 67/67 MP: 8/8
  3350 | D:5      | Killed Menkaure
  3444 | D:5      | Reached skill level 1 in Evocations
  3580 | D:5      | Noticed Ijyb
  3585 | D:5      | Killed Ijyb
  3838 | D:6      | Found a bloodstained altar of Trog.
  3841 | D:6      | Found a hazy altar of Hepliaklqana.
  3957 | D:5      | Slain by an ufetubus

Illustrated notes

Levels and vault maps discovered:
D:1:      saegor_arrival_simple_c, layout_basic, serial_shops, shop,
          grunt_decor_mini_mirrors
D:2:      layout_rooms, basic_altar
D:3:      minmay_general_purpose_star, layout_rooms, slow_altar_2,
          shapermc_ecumenical_altar_rom_forum
D:4:      layout_basic, makhleb_heckhound_becter, mainiacjoe_overflow_big_doors,
          serial_forest, infiniplex_forest_clump_C, infiniplex_forest_lined_2,
          infiniplex_forest_join, infiniplex_forest_lined_3,
          infiniplex_forest_clump_small, kennysheep_generic_room_4
D:5:      layout_loops_ring, mainiacjoe_overflow_small_starburst,
          kennysheep_generic_room_13, uniq_sigmund, uniq_ijyb, uniq_menkaure
D:6:      layout_basic, mainiacjoe_overflow_two_lobes,
          nicolae_overflow_hidden_temple, minmay_temple_entry_ruins

Skill      XL: |  1  2  3  4  5  6  7  8 |
---------------+-------------------------+-----
Dodging        | 3 4 5 |  5.4
Long Blades    | 3 4 5 |  5.3
Fighting       | 4 5 6 7 |  7.8
Evocations     | 1 |  1.7
Shapeshifting  | |  0.8

Action                     |  1- 3 |  4- 6 |  7- 9 || total
---------------------------+-------+-------+-------++-------
  Melee: Falchion          |   130 |   162 |   113 ||   405
         Kick              |       |       |    39 ||    39
  Throw: Throwing net      |       |     1 |       ||     1
         Dart              |       |     7 |     4 ||    11
Ability: Lunge             |       |     2 |     8 ||    10
         Wall Jump         |       |     2 |     7 ||     9
         Whirlwind         |       |       |    21 ||    21
    Use: Potion            |       |     5 |     3 ||     8
 Armour: Robe              |    49 |       |       ||    49
         Leather armour    |     1 |    84 |    66 ||   151
  Dodge: Dodged            |   116 |   158 |    92 ||   366
   Form: Beast             |       |       |     1 ||     1
